 Dungeon Crawl Stone Soup version 0.31.0-4-g52a2dc7128 (webtiles) character file.

Game seed: 7455893698708471239

1238 SnakkuSnakku7 the Grappler (level 8, -4/67 HPs)
             Began as a Troll Enchanter on Jan 23, 2024.
             Was a Believer of Fedhas.
             Slain by a lemure (8 damage)
             ... led by Pikel
             ... on level 5 of the Dungeon.
             The game lasted 00:03:21 (2935 turns).

SnakkuSnakku7 the Grappler (Troll Enchanter)        Turns: 2935, Time: 00:03:23

Health: -4/67      AC:  4    Str: 19    XL:     8   Next: 25%
Magic:  8/8        EV:  9    Int: 11    God:    Fedhas [**....]
Gold:   322        SH:  0    Dex: 10    Spells: 9/9 levels left

rFire   . .          .
                       - Unarmed
rCold   . . .        (no shield)
rNeg    + . .        b - +0 robe
rPois   .            (helmet restricted)
rElec   .            n - scarf {+Inv}
rCorr   .            (gloves unavailable)
SInv    .            (boots unavailable)
Will    .....        m - amulet of magic regeneration
Stlth   ++           o - ring of positive energy
HPRegen 1.11/turn    (no ring)
MPRegen 0.51/turn

%: no passive effects
@: brilliant, lethally poisoned (-4 -> -10)
A: large, unfitting armour, claws 3, regeneration 1, shaggy fur 1, tough skin 1
a: Renounce Religion, Evoke Invisibility, Wall of Briars


You were on level 5 of the Dungeon.
You worshipped Fedhas.
Fedhas was pleased with you.
You visited 1 branch of the dungeon, and saw 7 of its levels.

You collected 322 gold pieces.

Inventory:

Hand Weapons
 a - a +1 dagger
Missiles
 d - 6 poisoned darts (quivered)
 q - 3 throwing nets
Armour
 b - a +0 robe (worn)
 n - a scarf of invisibility (worn)
Jewellery
 m - an amulet of magic regeneration (around neck)
 o - a ring of positive energy (left claw)
 s - the ring of Paebotem {rPois Str+4 Dex+4 SInv}
   (You found it on level 4 of the Dungeon)

   [ring of see invisible]

   Str+4:     It affects your strength (+4).
   Dex+4:     It affects your dexterity (+4).
   rPois:     It protects you from poison SInv: It lets you see invisible.
Wands
 r - a wand of digging (8)
 t - a wand of charming (10)
Scrolls
 e - 6 scrolls of identify {unknown}
 g - 3 scrolls of vulnerability {unknown}
 k - 2 scrolls of immolation {unknown}
 l - 2 scrolls of amnesia {unknown}
 p - a scroll of revelation {unknown}
Potions
 c - 3 potions of invisibility
 f - 2 potions of brilliance
 h - a potion of lignification {unknown}
 i - 2 potions of enlightenment {unknown}
 j - a potion of haste {unknown}


   Skills:
 - Level 0.7 Short Blades
 - Level 1.5 Dodging
 - Level 1.5 Stealth
 + Level 9.9 Unarmed Combat
 - Level 1.2 Spellcasting
 - Level 2.0 Hexes


You had 9 spell levels left.
You didn't know any spells.
Your spell library contained the following spells:

 Spells                   Type           Power      Damage    Failure   Level
 Apportation              Tloc           2%         N/A       32%         1
 Necrotise                Necr           4%         1d4       32%         1
 Sting                    Conj/Alch      4%         1d3       32%         1
 Summon Small Mammal      Summ           4%         N/A       32%         1
 Ensorcelled Hibernation  Hex/Ice        8%         N/A       32%         2
 Confusing Touch          Hex            7%         N/A       38%         3
 Tukima's Dance           Hex            7%         N/A       38%         3
 Mercury Vapours          Alch/Air       2%         N/A       43%         2
 Dazzling Flash           Conj/Hex       8%         N/A       54%         3
 Mephitic Cloud           Conj/Alch/Air  1%         N/A       67%         3
 Freezing Cloud           Conj/Ice/Air   0%         6-21      100%        5


Dungeon Overview and Level Annotations

Branches:
Dungeon (7/15)             Temple (0/1) D:4

Altars:
Cheibriados
Fedhas
Nemelex Xobeh

Annotations:
D:6 Edmund


Innate Abilities, Weirdness & Mutations

You are too large for most types of armour.
You have claws for hands.
Your natural rate of healing is unusually fast.
You are covered in fur. (AC +1)
You have tough skin. (AC +1)


Message History

The scorpion is lightly wounded.
You feel sick.
You scratch the scorpion but do no damage.
The scorpion is lightly wounded.
You feel sick. The scorpion stings you.
You are more poisoned.
The scorpion poisons you!
You scratch the scorpion but do no damage.
The scorpion is lightly wounded.
You feel very sick.
The scorpion stings you but does no damage.
You barely miss the scorpion.
The scorpion is lightly wounded.
The sentinel's mark upon you fades away.
You feel very sick. The scorpion stings you.
* * * LOW HITPOINT WARNING * * *
You are more poisoned.
The scorpion poisons you!
You claw the scorpion!
The scorpion is almost dead.
* * * LOW HITPOINT WARNING * * *
You feel very sick. The scorpion closely misses you.
The lemure hits you but does no damage.
Unknown command.
You claw the scorpion!
You kill the scorpion!
Fedhas appreciates your contribution to the ecosystem.
* * * LOW HITPOINT WARNING * * *
You feel very sick. The lemure hits you.
* * * LOW HITPOINT WARNING * * *
It was a potion of brilliance.
You feel clever all of a sudden.
* * * LOW HITPOINT WARNING * * *
You feel very sick.
An orc comes into view. It is wielding a +0 club.
The lemure hits you!
You die...
Fedhas appreciates your contribution to the ecosystem.

#..#.######
#..#.# #..#.#
#..#.#######
#..#.......#
#..#######.#
#... #.#####
#.## #...†.#
#####@# #5#
###)####.#
#.o.....#
...5....)..##.#
##.............
...##......##.#
.. ........# #
# ######.###


You could see a lemure and an orc.

Vanquished Creatures
  A hornet (D:7)
  A water moccasin (D:7)
  2 centaurs (D:5)
  3 bullfrogs
  2 scorpions (D:5)
  A howler monkey (D:6)
  2 hounds
  A jelly (D:4)
  An orc priest (D:6)
  Terence (D:3)
  An iguana (D:6)
  3 orc wizards
  7 adders
  7 gnolls (D:4)
  2 ufetubi (D:6)
  7 orcs
  2 ball pythons
  An endoplasm (D:1)
  3 giant cockroaches (D:2)
  A goblin (D:3)
  7 hobgoblins
  4 jackals (D:5)
  3 kobolds
  3 quokkas
  3 bats
  A rat (D:2)
70 creatures vanquished.

Notes
Turn   | Place    | Note
-------+----------+-------------------------------------------
     0 | D:1      | SnakkuSnakku7 the Troll Enchanter began the quest for the
                  | Orb.
     0 | D:1      | Reached XP level 1. HP: 16/16 MP: 1/1
   423 | D:1      | Reached skill level 1 in Unarmed Combat
   902 | D:2      | Reached skill level 2 in Unarmed Combat
   902 | D:2      | Reached XP level 2. HP: 17/24 MP: 2/2
  1004 | D:2      | Found a blossoming altar of Fedhas.
  1019 | D:2      | Became a worshipper of Fedhas Madash
  1371 | D:2      | Reached XP level 3. HP: 31/31 MP: 3/3
  1532 | D:3      | Found a sparkling altar of Nemelex Xobeh.
  1561 | D:3      | Reached skill level 3 in Unarmed Combat
  1592 | D:3      | Noticed Terence
  1605 | D:3      | Killed Terence
  1606 | D:3      | Reached XP level 4. HP: 21/39 MP: 4/4
  1636 | D:3      | Reached skill level 4 in Unarmed Combat
  1791 | D:3      | Found a snail-covered altar of Cheibriados.
  2071 | D:4      | Reached XP level 5. HP: 24/45 MP: 5/5
  2081 | D:4      | HP: 2/45 [gnoll/+0 club (7)]
  2082 | D:4      | Reached * piety under Fedhas
  2161 | D:4      | Reached skill level 5 in Unarmed Combat
  2258 | D:4      | Identified the ring of Paebotem {rPois Str+4 Dex+4 SInv}
  2334 | D:4      | Found a staircase to the Ecumenical Temple.
  2554 | D:4      | You fall into a shaft and drop 3 floors!
  2557 | D:7      | Noticed a hornet
  2568 | D:7      | Killed a hornet
  2569 | D:7      | Reached skill level 7 in Unarmed Combat
  2569 | D:7      | Reached XP level 6. HP: 5/53 MP: 6/6
  2637 | D:7      | Reached XP level 7. HP: 54/59 MP: 7/7
  2680 | D:7      | Reached skill level 8 in Unarmed Combat
  2776 | D:6      | Noticed Edmund
  2870 | D:5      | Entered Level 5 of the Dungeon
  2899 | D:5      | Reached ** piety under Fedhas
  2904 | D:5      | Reached skill level 9 in Unarmed Combat
  2917 | D:5      | Reached XP level 8. HP: 50/67 MP: 8/8
  2935 | D:5      | Slain by a lemure

Illustrated notes

Levels and vault maps discovered:
D:1:      dpeg_arrival_tiny_e, layout_loops_ring, serial_bayou_lake_a
D:2:      layout_basic, basic_altar
D:3:      minmay_angry_zag, layout_basic, mainiacjoe_overflow_catch_the_wave,
          uniq_terence
D:4:      layout_basic, temple_statues
D:5:      layout_loops_ring, amcnicky_altar_gilded, general_overflow_altar,
          lemuel_round_altar, grunt_ministairs_11, roderic_serpentine_path,
          uniq_duvessa, uniq_eustachio, uniq_sigmund, uniq_pikel
D:6:      layout_basic, uniq_edmund
D:7:      layout_rooms

Skill      XL: |  1  2  3  4  5  6  7 |
---------------+----------------------+-----
Unarmed Combat | 2 3 4 7 9 |  9.9
Short Blades   | |  0.7
Dodging        | |  1.5
Stealth        | |  1.5
Spellcasting   | |  1.2
Hexes          | |  2.0

Action                     |  1- 3 |  4- 6 |  7- 9 || total
---------------------------+-------+-------+-------++-------
  Melee: Unarmed           |    56 |    88 |    62 ||   206
         Punch             |       |     1 |     3 ||     4
  Throw: Dart              |       |     2 |       ||     2
  Evoke: Wand              |       |     1 |       ||     1
    Use: Potion            |       |       |     1 ||     1
   Stab: Sleeping          |     5 |     1 |       ||     6
 Armour: Robe              |    33 |    52 |    52 ||   137
  Dodge: Dodged            |    26 |    38 |    31 ||    95
